 Dungeon Crawl Stone Soup version 0.22.0-6-g71bd7aa (webtiles) character file.

269 letownia2 the Insei (level 6, 42/43 HPs)
             Began as a Demonspawn Transmuter on Aug 15, 2018.
             Quit the game on level 4 of the Dungeon.
             The game lasted 00:09:34 (1460 turns).

letownia2 the Insei (Demonspawn Transmuter)         Turns: 1460, Time: 00:09:35

Health: 42/43      AC:  8    Str: 12    XL:     6   Next: 1%
Magic:  18/18      EV: 11    Int: 14    God:
Gold:   102        SH:  0    Dex: 14    Spells: 3/9 levels left

rFire    . . .     SeeInvis .     - Unarmed
rCold    . . .     Gourm    .   (no shield)
rNeg     . . .     Faith    .   s - +0 ring mail (curse)
rPois    .         Spirit   +   (helmet restricted)
rElec    .         Reflect  .   x - +2 cloak
rCorr    .         Harm     .   (no gloves)
MR       .....                  (no boots)
Stlth    +.........             (no amulet)
HPRegen  0.14/turn              f - ring of wizardry
MPRegen  0.32/turn              q - ring of magical power

@: no status effects
A: claws 1, horns 1, magic shield, magic regeneration, rot immunity
a: no special abilities


You were on level 4 of the Dungeon.
You were hungry.

You visited 1 branch of the dungeon, and saw 4 of its levels.

You collected 102 gold pieces.

Inventory:

Hand Weapons
 u - a +0 hunting sling
Missiles
 a - 73 arrows
 j - 31 sling bullets
 o - 3 javelins (quivered)
 w - 2 tomahawks
 y - 16 poisoned needles
Armour
 b - a +0 robe
 e - a +0 scale mail
 h - a +0 scale mail
 s - a cursed +0 ring mail (worn)
 v - a +0 pair of boots
 x - a +2 cloak (worn)
 A - a +0 helmet
Jewellery
 f - a ring of wizardry (left claw)
 k - an uncursed ring of positive energy
 n - a +5 ring of intelligence {unknown}
 q - a ring of magical power (right claw)
Scrolls
 c - 3 scrolls of immolation {unknown}
 g - 2 scrolls of enchant armour {unknown}
 l - a scroll of magic mapping {unknown}
 m - 5 scrolls of remove curse {unknown}
 p - 2 scrolls of identify {unknown}
 r - a scroll of fear {unknown}
 t - a scroll of enchant weapon {unknown}
Potions
 i - a potion of lignification {unknown}
Comestibles
 d - 5 rations
 z - 5 chunks of flesh


   Skills:
 - Level 1.0 Fighting
 - Level 1.8 Armour
 - Level 1.7 Dodging
 + Level 4.9 Unarmed Combat
 + Level 2.3 Spellcasting
 + Level 2.6 Transmutations
 - Level 1.3 Poison Magic


You had 3 spell levels left.
You knew the following spells:

 Your Spells              Type           Power        Failure   Level  Hunger
a - Beastly Appendage     Tmut           #.....       7%          1    #......
l - Sticks to Snakes      Tmut           #.......     11%         2    ###....
p - Spider Form           Tmut/Pois      #.........   26%         3    ###....

Your spell library contained the following spells:

 Spells                   Type           Power        Failure   Level  Hunger
 Blade Hands              Tmut           #.........   86%         5    ######.
 Ice Form                 Ice/Tmut       #.......     71%         4    #####..


Dungeon Overview and Level Annotations

Branches:
Dungeon (4/15)
 Temple: D:4-7

Altars:
The Shining One

Portals:
Sewer: D:4

Annotations:
D:2 Sigmund


Innate Abilities, Weirdness & Mutations

You have sharp fingernails.
You have a pair of small horns on your head.
When hurt, damage is shared between your health and your magic reserves.
You regenerate magic rapidly.
You are immune to rotting.


Message History

You feel stronger.
Your demonic ancestry asserts itself...
Your fingernails lengthen.
The rat misses you.
You hit the rat.
You kill the rat!
No target in view!
No target in view!
You enter the shallow water.
Moving in this stuff is going to be slow.
You see here a worm corpse.
You butcher the worm corpse.
z - 5 chunks of flesh (gained 3)
Your transformation has ended.
Your +2 cloak unmelds from your body.
Your cursed +0 ring mail unmelds from your body.
Your magical contamination has completely faded away.
You hear the brisk rusting of a drain nearby.
Found a glowing drain.
There is a glowing drain here.
Are you sure you want to abandon this character and quit the game? (Confirm with "yes".)

#########≈#####.....#
#≈≈≈≈≈≈#...'.....#
#≈#≈####.###.....##
#≈≈≈≈#. #......#
#≈##≈### ###....#
#≈≈#≈#.# #####.##
##≈#≈#.# #.......
##≈#≈#.# #.......
#@≈#≈#.####....#..
######....'....'..
#...#####....#..
#...# #....#.. #...#
#....##. #...#
#....##. #...#
#######. #...# #.
##### #.


There were no monsters in sight!

Vanquished Creatures
  3 hounds (D:4)
  A worker ant (D:4)
  4 adders
  4 river rats (D:4)
  2 worms
  2 dart slugs
  4 leopard geckos
  2 orcs (D:3)
  2 giant cockroaches
  7 hobgoblins
  5 kobolds
  2 quokkas (D:3)
  3 bats
  5 frilled lizards
  5 goblins
  9 rats
60 creatures vanquished.

Vanquished Creatures (collateral kills)
  A worker ant (D:4)
  A worm (D:2)
  A kobold (D:2)
3 creatures vanquished.

Grand Total: 63 creatures vanquished

Notes
Turn   | Place    | Note
-------+----------+-------------------------------------------
     0 | D:1      | letownia2 the Demonspawn Transmuter began the quest for the Orb.
     0 | D:1      | Reached XP level 1. HP: 15/15 MP: 3/3
    34 | D:1      | Reached skill level 3 in Unarmed Combat
   161 | D:2      | Gained mutation: When hurt, damage is shared between your health and your magic reserves. [demonic ancestry]
   161 | D:2      | Reached XP level 2. HP: 15/21 MP: 3/5
   270 | D:1      | Learned a level 2 spell: Sticks to Snakes
   565 | D:2      | Noticed Sigmund
   675 | D:2      | Mutation became permanent: You have a pair of small horns on your head. [demonic ancestry]
   675 | D:2      | Gained mutation: You have a pair of horns on your head. [demonic ancestry]
   675 | D:2      | Reached XP level 3. HP: 12/26 MP: 6/6
   680 | D:2      | Learned a level 3 spell: Spider Form
   860 | D:3      | Reached skill level 4 in Unarmed Combat
  1002 | D:3      | Reached skill level 1 in Poison Magic
  1036 | D:4      | Gained mutation: You regenerate magic rapidly. [demonic ancestry]
  1036 | D:4      | Reached XP level 4. HP: 30/32 MP: 7/7
  1136 | D:4      | Reached skill level 1 in Armour
  1141 | D:4      | Gained mutation: You are immune to rotting. [demonic ancestry]
  1141 | D:4      | Reached XP level 5. HP: 29/37 MP: 8/8
  1217 | D:4      | Found a glowing golden altar of the Shining One.
  1438 | D:4      | Gained mutation: You have sharp fingernails. [demonic ancestry]
  1438 | D:4      | Reached XP level 6. HP: 38/43 MP: 9/9
  1456 | D:4      | Found a glowing drain.
  1460 | D:4      | Quit the game

Skill      XL: |  1  2  3  4 |
---------------+-------------+-----
Unarmed Combat | 3 4 |  4.9
Transmutations | 2 |  2.6
Poison Magic   | 1 |  1.3
Armour         | 1 |  1.8
Fighting       | |  1.0
Dodging        | |  1.7
Spellcasting   | |  2.3

Action                   |  1- 3 |  4- 6 || total
-------------------------+-------+-------++-------
Melee: Unarmed           |   132 |    55 ||   187
       Headbutt          |    13 |     1 ||    14
       Kick              |     5 |       ||     5
Throw: Javelin           |     4 |     1 ||     5
 Cast: Beastly Appendage |    19 |       ||    19
       Sticks to Snakes  |     2 |     8 ||    10
       Spider Form       |     6 |     6 ||    12
  Use: Potion            |     2 |       ||     2
 Stab: Sleeping          |     1 |       ||     1
       Distracted        |     1 |       ||     1
  Eat: Chunk             |     2 |     3 ||     5
Armor: Robe              |     9 |       ||     9
       Ring mail         |     7 |     1 ||     8
       Skin              |       |     5 ||     5
Dodge: Dodged            |    73 |    34 ||   107
